 Dungeon Crawl Stone Soup version 0.29.0-13-gc9e81de378 (webtiles) character file.

Game seed: 16087552238153204963

1792 LustLizard the Grappler (level 8, 0/80 HPs)
             Began as a Troll Fighter on Sept 8, 2022.
             Was a Follower of Wu Jian.
             Killed from afar by an electric eel (9 damage)
             ... with a bolt of electricity
             ... on level 7 of the Dungeon.
             The game lasted 00:08:54 (4368 turns).

LustLizard the Grappler (Troll Fighter)             Turns: 4368, Time: 00:08:55

Health: 0/80       AC:  4    Str: 25    XL:     8   Next: 82%
Magic:  7/7        EV:  8    Int:  6    God:    Wu Jian [*.....]
Gold:   513        SH:  8    Dex:  9    Spells: 7/7 levels left

rFire   . . .      SeeInvis .     - Unarmed
rCold   . . .      Faith    .   b - +0 kite shield
rNeg    . . .      Spirit   .   a - +0 robe
rPois   .          Reflect  .   (helmet restricted)
rElec   .          Harm     .   (no cloak)
rCorr   .          Rampage  .   (gloves unavailable)
Will    .....                   (boots unavailable)
Stlth   +.........              (no amulet)
HPRegen 1.03/turn               q - ring of wizardry
MPRegen 0.10/turn               (no ring)

@: no status effects
A: large, unfitting armour, claws 3, regeneration 1, shaggy fur 1, tough skin 1
a: Renounce Religion


You were on level 7 of the Dungeon.
You worshipped Wu Jian.
Wu Jian was aware of your devotion.
You visited 2 branches of the dungeon, and saw 10 of its levels.

You collected 513 gold pieces.

Inventory:

Missiles
 h - 4 javelins (quivered)
 s - 20 stones
 u - 2 boomerangs
 y - 3 poisoned darts
 C - 3 atropa-tipped darts
Armour
 a - a +0 robe (worn)
 b - a +0 kite shield (worn)
Jewellery
 q - a ring of wizardry (left claw)
Wands
 B - a wand of mindburst (10)
Scrolls
 d - 2 scrolls of fear {unknown}
 e - 2 scrolls of teleportation {unknown}
 g - a scroll of enchant weapon
 o - 3 scrolls of noise {unknown}
 p - 3 scrolls of immolation {unknown}
 r - a scroll of blinking {unknown}
 t - 2 scrolls of fog {unknown}
 v - a scroll of amnesia {unknown}
 w - a scroll of poison {unknown}
 x - a scroll of vulnerability
Potions
 c - a potion of mutation {unknown}
 f - a potion of curing
 i - 4 potions of lignification
 j - 2 potions of flight {unknown}
 k - a potion of degeneration
 l - 2 potions of brilliance
 m - 2 potions of heal wounds
 n - a potion of attraction {unknown}
 z - a potion of haste
 A - a potion of magic {unknown}


   Skills:
 + Level 5.3 Fighting
 - Level 2.4 Dodging
 + Level 5.8 Shields
 * Level 8.4 Unarmed Combat


You had 7 spell levels left.
You didn't know any spells.
Your spell library contained the following spells:

 Spells                   Type           Power      Damage    Failure   Level
 Magic Dart               Conj           0%         1d3       38%         1
 Call Imp                 Summ           0%         N/A       52%         2
 Scorch                   Fire           0%         2d5       52%         2
 Mephitic Cloud           Conj/Pois/Air  0%         N/A       75%         3
 Portal Projectile        Hex/Tloc       0%         N/A       75%         3
 Tukima's Dance           Hex            0%         N/A       75%         3
 Flame Wave               Conj/Fire      0%         2d4       98%         4
 Blade Hands              Tmut           0%         N/A       100%        5
 Summon Cactus Giant      Summ           0%         N/A       100%        6


Dungeon Overview and Level Annotations

Branches:
Dungeon (9/15)             Temple (1/1) D:5
   Lair: D:8-11         Orc: D:9-12

Altars:
Ashenzari
Cheibriados
Elyvilon
Fedhas
Hepliaklqana
Kikubaaqudgha
Makhleb
Nemelex Xobeh
Okawaru
Ru
Trog
Vehumet
Wu Jian
Yredelemnul
Zin
The Shining One


Innate Abilities, Weirdness & Mutations

You are too large for most types of armour.
You have claws for hands.
Your natural rate of healing is unusually fast.
You are covered in fur. (AC +1)
You have tough skin. (AC +1)


Message History

The bolt of electricity hits you!
You scratch the electric eel but do no damage.
The electric eel is moderately wounded.
You miss the electric eel.
The electric eel is moderately wounded.
The electric eel shoots out a bolt of lightning at you!
The bolt of electricity misses you.
You closely miss the electric eel.
The electric eel is moderately wounded.
You scratch the electric eel but do no damage.
The electric eel is moderately wounded.
You barely miss the electric eel.
The electric eel is moderately wounded.
The electric eel shoots out a bolt of lightning at you!
The bolt of electricity hits you!
You closely miss the electric eel.
The electric eel is moderately wounded.
The electric eel shoots out a bolt of lightning at you!
The bolt of electricity hits you!
You miss the electric eel.
The electric eel is moderately wounded.
The electric eel shoots out a bolt of lightning at you!
The bolt of electricity hits you!
* * * LOW HITPOINT WARNING * * *
An electric eel is nearby!
You closely miss the electric eel.
The electric eel is moderately wounded.
You hear the creaking of a portcullis nearby.
You closely miss the electric eel.
The electric eel is moderately wounded.
The electric eel shoots out a bolt of lightning at you!
The bolt of electricity hits you!
* * * LOW HITPOINT WARNING * * *
You claw the electric eel!
The electric eel is almost dead.
You completely miss the electric eel.
The electric eel is almost dead.
The electric eel shoots out a bolt of lightning at you!
The bolt of electricity hits you!
You die...

≈~~~~~~≈≈≈P≈PP~~~...
≈≈≈≈≈~~~≈≈≈≈≈≈≈~~.~.....
~≈~~~~≈≈~≈≈≈≈≈≈~P≈.~~...
...~~~.~≈~~~≈≈≈≈≈≈≈P~..#
........PP~≈~~~≈≈≈≈~~...
...........~..~~~~≈≈~~..
...#.........~~P.~~≈≈~..
...#.......+....S.≈≈≈≈~.
####.......##...@..≈≈≈≈~
#.....#######.....~~≈≈≈≈
'.....# ............#≈≈≈
#.....# ......^.....# ≈
#.....# ...........##
#.....# .........###
#)....########..##
#))..........#..##
#.)..........'...#


You could see an electric eel.

Vanquished Creatures
  A hornet (D:6)
  A yak (D:7)
  2 water moccasins (D:5)
  An orc warrior (D:7)
  An ice beast (D:6)
  2 ogres (D:5)
  A centaur (D:5)
  A phantom (D:5)
  A bullfrog (D:7)
  A scorpion (D:6)
  An electric eel (D:7)
  3 orc priests
  A hound (D:7)
  2 iguanas
  Jessica (D:2)
  5 orc wizards
  10 adders
  3 gnolls (D:3)
  An ufetubus (D:7)
  2 worms (D:3)
  2 dart slugs
  24 orcs
  10 ball pythons
  7 endoplasms
  5 giant cockroaches
  5 goblins
  5 hobgoblins
  3 jackals (D:1)
  5 quokkas
  6 bats
  5 frilled lizards
  5 kobolds
  A rat (D:2)
124 creatures vanquished.

Vanquished Creatures (others)
  2 plants (D:7)
2 creatures vanquished.

Grand Total: 126 creatures vanquished

Notes
Turn   | Place    | Note
-------+----------+-------------------------------------------
     0 | D:1      | LustLizard the Troll Fighter began the quest for the Orb.
     0 | D:1      | Reached XP level 1. HP: 22/22 MP: 0/0
    89 | D:1      | Reached XP level 2. HP: 17/29 MP: 1/1
   399 | D:1      | Reached XP level 3. HP: 36/36 MP: 2/2
   615 | D:2      | Reached skill level 3 in Unarmed Combat
   778 | D:2      | Noticed Jessica
   780 | D:2      | Killed Jessica
   912 | D:2      | Reached XP level 4. HP: 44/44 MP: 3/3
   986 | D:2      | Found a faded altar of an unknown god.
  1551 | D:3      | Reached skill level 4 in Unarmed Combat
  1551 | D:3      | Reached XP level 5. HP: 44/53 MP: 4/4
  2317 | D:4      | Found a broken altar of Ashenzari.
  2542 | D:4      | Reached XP level 6. HP: 60/61 MP: 5/5
  2789 | D:4      | Found a sparkling altar of Nemelex Xobeh.
  3060 | D:5      | Entered Level 5 of the Dungeon
  3089 | D:5      | Found a staircase to the Ecumenical Temple.
  3152 | Temple   | Entered the Ecumenical Temple
  3159 | Temple   | Became a worshipper of the Wu Jian Council
  3179 | D:5      | Reached skill level 5 in Unarmed Combat
  3442 | D:5      | Found a blossoming altar of Fedhas.
  3475 | D:5      | Found an ancient bone altar of Kikubaaqudgha.
  3478 | D:5      | Found a basalt altar of Yredelemnul.
  3481 | D:5      | Found a sacrificial altar of Ru.
  3532 | D:5      | Noticed a water moccasin
  3537 | D:5      | Reached XP level 7. HP: 37/68 MP: 6/6
  3541 | D:5      | Reached skill level 6 in Unarmed Combat
  3890 | D:6      | Noticed a hornet
  3899 | D:6      | Killed a hornet
  3900 | D:6      | Reached skill level 5 in Shields
  3900 | D:6      | Reached skill level 7 in Unarmed Combat
  3900 | D:6      | Reached XP level 8. HP: 60/79 MP: 7/7
  4075 | D:6      | You fall into a shaft and drop 3 floors!
  4155 | D:8      | HP: 3/79 [yak (14)]
  4170 | D:7      | Reached skill level 5 in Fighting
  4249 | D:7      | Reached skill level 8 in Unarmed Combat
  4308 | D:7      | Reached * piety under Wu Jian
  4368 | D:7      | Killed from afar by an electric eel

Illustrated notes

Levels and vault maps discovered:
D:1:      mrwooster_arrival_statue_2, layout_basic
D:2:      layout_basic, nicolae_ecumenical_pavilion, st_stairs_8,
          nicolae_hexahallways, uniq_jessica
D:3:      layout_basic, nicolae_grassy_gnolls
D:4:      layout_loops_ring, cheibrodos_ashenzari_chains,
          mainiacjoe_overflow_alcove_2, minmay_strange_pillars
D:5:      layout_basic, grunt_temple_overflow_cloverleaf,
          minmay_temple_entry_mist
D:6:      layout_rooms, kennysheep_mini, minivault_25, nicolae_sextant,
          uniq_grinder, uniq_eustachio
D:7:      layout_gridville, enter_bailey_5, chequers_big_river,
          nicolae_fountain_basement, uniq_joseph
D:8:      layout_basic, mainiacjoe_overflow_big_doors, lemuel_doored_altar,
          david_lair_shrubbed, minmay_misc_feat_x, uniq_gastronok
D:9:      layout_rooms, grunt_tough_drop
Temple:   nicolae_temple_ecumenical_triangle

Skill      XL: |  1  2  3  4  5  6  7  8 |
---------------+-------------------------+-----
Shields        | 3 4 5 |  5.8
Unarmed Combat | 3 4 5 7 8 |  8.4
Fighting       | 3 4 5 |  5.3
Dodging        | |  2.4

Action                   |  1- 3 |  4- 6 |  7- 9 || total
-------------------------+-------+-------+-------++-------
Melee: Unarmed           |    93 |   209 |   100 ||   402
Invok: Lunge             |       |     6 |    11 ||    17
  Use: Scroll            |       |     3 |     4 ||     7
       Potion            |       |       |     2 ||     2
Armor: Robe              |    32 |    65 |    22 ||   119
Dodge: Dodged            |    29 |    59 |    20 ||   108
Block: Kite shield       |    46 |    59 |    29 ||   134
